 Dungeon Crawl Stone Soup version 0.30-a0-881-g1ff12e1e11 (webtiles) character file.

Game seed: 5804368749044210984

1831 Axe the Covert (level 9, -1/82 HPs)
             Began as a Naga Fighter on Mar 14, 2023.
             Was a Believer of Dithmenos.
             Hit by a javelin thrown by a centaur (7 damage)
             ... in a bailey on Mar 15, 2023.
             The game lasted 00:29:42 (7309 turns).

Axe the Covert (Naga Fighter)                       Turns: 7309, Time: 00:29:43

Health: -1/82      AC:  7    Str: 18    XL:     9   Next: 11%
Magic:  11/11      EV:  8    Int: 13    God:    Dithmenos [**....]
Gold:   343        SH:  5    Dex: 11    Spells: 7/10 levels left

rFire   + . .      SeeInvis +    a - +8 trident of Darkness {venom, Fly rElec rF+}
rCold   . . .      Faith    .    c - +0 buckler
rNeg    . . .      Spirit   .    s - +0 ring mail
rPois   +          Reflect  .    (no helmet)
rElec   +          Rampage  .    t - +0 cloak
rCorr   .                        (no gloves)
Will    +....                    (no barding)
Stlth   +++++                    (no amulet)
HPRegen 0.33/turn                (no ring)
MPRegen 0.12/turn                (no ring)

@: flying, wreathed by umbra, very slow
A: AC +3, large, see invisible, deformed body, poison resistance, slowness 2,
spit poison 1, naga tail 1
a: Spit Poison, Renounce Religion, Shadow Step


You were in a bailey.
You worshipped Dithmenos.
Dithmenos was pleased with you.
You visited 1 branch of the dungeon, and saw 7 of its levels.
You also visited: Bailey.

You collected 343 gold pieces.

Inventory:

Hand Weapons
 a - the +8 trident of Darkness (weapon) {venom, Fly rElec rF+}
   (You found it on level 7 of the Dungeon)

   rF:        It protects you from fire.
   rElec:     It insulates you from electricity.
   Fly:       It grants you flight.
 b - a +0 heavy sling
 e - a +3 vampiric war axe
Missiles
 l - 2 throwing nets
Armour
 c - a +0 buckler (worn)
 n - a scarf of resistance
 s - a +0 ring mail (worn)
 t - a +0 cloak (worn)
Jewellery
 u - a ring of fire
Wands
 i - a wand of mindburst (13)
Scrolls
 d - a scroll of brand weapon
 g - 2 scrolls of teleportation
 j - a scroll of amnesia
 k - 2 scrolls of identify
 p - a scroll of poison
 w - a scroll of fog
Potions
 h - a potion of attraction
 m - 2 potions of lignification
 o - a potion of ambrosia
 r - a potion of mutation
 v - a potion of brilliance
 x - a potion of heal wounds {unknown}


   Skills:
 + Level 5.9 Fighting
 - Level 5.0 Axes
 - Level 2.4 Armour
 - Level 10.3 Stealth
 - Level 5.0 Shields
 + Level 1.4 Spellcasting
 * Level 2.5 Conjurations
 + Level 1.6 Earth Magic


You had 7 spell levels left.
You knew the following spells:

 Your Spells              Type           Power      Damage    Failure   Level
a - Stone Arrow           Conj/Erth      12%        3d7       58%         3

Your spell library contained the following spells:

 Spells                   Type           Power      Damage    Failure   Level
 Sandblast                Erth           10%        2d5       28%         1
 Shock                    Conj/Air       16%        1d4       34%         1
 Passwall                 Tmut/Erth      2%         N/A       52%         2
 Ozocubu's Armour         Ice            0%         N/A       86%         3
 Swiftness                Air            0%         N/A       86%         3
 Airstrike                Air            0%         2d(0-16)  99%         4
 Ozocubu's Refrigeration  Ice            0%         4d7       100%        7


Dungeon Overview and Level Annotations

Branches:
Dungeon (7/15)             Temple (0/1) D:5          Bailey (1/1)

Altars:
Dithmenos
Elyvilon
Gozag
Hepliaklqana
Nemelex Xobeh
Okawaru
Ru
Sif Muna
Trog
Zin
The Shining One

Annotations:
D:6 3 runed translucent doors, luigi's ghost, novice DrTm


Innate Abilities, Weirdness & Mutations

Your serpentine skin is tough. (AC +3)
You have supernaturally acute eyesight. (SInv)
Armour fits poorly on your strangely shaped body.
Your system is resistant to poisons. (rPois)
You cover ground very slowly.
You can spit poison.
You have a snake-like lower body.


Message History

You hit the centaur but do no damage.
The centaur looks even sicker.
The centaur is moderately wounded.
The centaur hits you with a +0 halberd. The centaur closely misses you.
The centaur hits you with a +0 halberd!
The centaur kicks you but does no damage.
You hit the centaur.
The centaur looks as sick as possible!
The centaur is moderately wounded.
The centaur hits you with a +0 halberd!
The centaur kicks you but does no damage.
You block the centaur's attack. x2
You barely miss the centaur.
The centaur is heavily wounded.
The centaur barely misses you. x2
You hit the centaur but do no damage.
The centaur is heavily wounded.
The centaur hits you with a +0 halberd.
The centaur kicks you but does no damage.
The centaur hits you with a +0 halberd!
* * * LOW HITPOINT WARNING * * *
The centaur kicks you but does no damage.
The centaur attacks as you move away! The centaur hits you with a +0 halberd.
* * * LOW HITPOINT WARNING * * *
The centaur kicks you.
* * * LOW HITPOINT WARNING * * *
The centaur hits you from afar with a +0 halberd.
* * * LOW HITPOINT WARNING * * *
You block the centaur's attack.
The centaur throws a javelin.
The javelin pierces through you!
* * * LOW HITPOINT WARNING * * *
You feel better.
The centaur throws a javelin.
The javelin barely misses you.
Aiming: Mindburst
Press: ? - help, Shift-Dir - straight line, f/p - centaur
Aim: a centaur, wielding a +0 halberd, wearing a +0 chain mail and quivering javelins (almost dead, very poisoned, chance to affect: 64%)
The centaur struggles to resist.
The orc barely misses you.
The centaur throws a javelin.
The javelin pierces through you.
* * * LOW HITPOINT WARNING * * *
The centaur throws a javelin.
The javelin pierces through you.
* * * LOW HITPOINT WARNING * * *
The centaur throws a javelin.
The javelin pierces through you!
You die...

##≈≈≈≈≈≈≈##
##≈≈≈...≈≈≈##
####≈≈⌠.....⌠≈≈####
#≈≈≈≈..).)))..≈≈≈≈#
#...)..≈≈≈≈≈).....#
#.....≈≈...≈≈)....#
+..≈.≈≈.≈.≈.≈≈.≈..+
#.≈≈.≈.≈≈.≈≈.≈.≈≈.#
#.≈.≈≈.≈...≈.@≈.≈.#
#.≈)≈.≈≈...≈≈.≈.≈)#
#.≈.≈.≈.⌠∩⌠.≈)≈o≈c#
#.≈.≈.≈..∩..≈.≈.≈.#
#.≈.≈.≈.⌠∩⌠.≈.≈.≈.#
.≈.≈.≈≈...≈≈.≈.≈.#
.≈.≈≈.≈...≈.≈≈.≈.#
.≈≈o≈.≈≈≈≈≈.≈.≈≈.#
#.≈.≈≈...).≈≈.≈.##


You could see a centaur (very poisoned) and an orc.

Vanquished Creatures
  2 ice beasts
  An orc warrior (D:5)
  A sky beast (D:6)
  A black bear (D:6)
  3 ogres
  A centaur (Bailey)
  A gnoll sergeant (D:5)
  4 scorpions
  A howler monkey (D:5)
  2 jellies
  4 hounds
  A gnoll bouda (D:5)
  An orc priest (D:3)
  2 iguanas
  5 orc wizards
  11 gnolls
  6 adders
  A white imp (D:5)
  An ufetubus (D:5)
  A worm (D:3)
  A dart slug (D:1)
  27 orcs
  7 endoplasms
  16 goblins
  A hobgoblin (D:2)
  A quokka (D:2)
  4 ball pythons
  6 bats
  3 frilled lizards (D:1)
  8 kobolds
  4 rats
128 creatures vanquished.

Vanquished Creatures (others)
  An orc (D:5)
1 creature vanquished.

Grand Total: 129 creatures vanquished

Notes
Turn   | Place    | Note
-------+----------+-------------------------------------------
     0 | D:1      | Axe the Naga Fighter began the quest for the Orb.
     0 | D:1      | Reached XP level 1. HP: 21/21 MP: 1/1
   222 | D:1      | Reached skill level 1 in Stealth
   364 | D:1      | Reached XP level 2. HP: 11/28 MP: 2/2
   743 | D:2      | Found a faded altar of an unknown god.
   809 | D:2      | Reached skill level 2 in Stealth
   933 | D:2      | Found a shadowy altar of Dithmenos.
   945 | D:2      | Became a worshipper of Dithmenos the Shadowed
  1115 | D:2      | Reached XP level 3. HP: 22/34 MP: 3/3
  1538 | D:3      | Reached skill level 3 in Stealth
  1802 | D:3      | Found a hazy altar of Hepliaklqana.
  1885 | D:3      | Reached XP level 4. HP: 39/42 MP: 4/4
  2076 | D:3      | Reached skill level 4 in Stealth
  2076 | D:3      | Reached XP level 5. HP: 49/49 MP: 5/5
  2201 | D:3      | Found a white marble altar of Elyvilon.
  2212 | D:3      | Found a glowing golden altar of the Shining One.
  2213 | D:3      | Found a sparkling altar of Nemelex Xobeh.
  2214 | D:3      | Found a bloodstained altar of Trog.
  2215 | D:3      | Found a sacrificial altar of Ru.
  2215 | D:3      | Found a shimmering blue altar of Sif Muna.
  2222 | D:3      | Found an iron altar of Okawaru.
  2231 | D:3      | Reached * piety under Dithmenos
  3103 | D:4      | Reached skill level 5 in Stealth
  3507 | D:5      | Entered Level 5 of the Dungeon
  3516 | D:4      | Reached XP level 6. HP: 37/57 MP: 6/6
  3646 | D:5      | Found a staircase to the Ecumenical Temple.
  3715 | D:5      | Reached skill level 6 in Stealth
  3868 | D:5      | Reached XP level 7. HP: 29/66 MP: 7/7
  4033 | D:5      | Reached skill level 7 in Stealth
  4682 | D:5      | Reached skill level 8 in Stealth
  4776 | D:5      | Reached ** piety under Dithmenos
  5257 | D:6      | Reached XP level 8. HP: 73/73 MP: 8/8
  5270 | D:6      | Found a runed translucent gate.
  5271 | D:6      | Found a runed translucent gate.
  5272 | D:6      | Found a runed translucent gate.
  5282 | D:6      | Noticed luigi's ghost (novice DrTm)
  5396 | D:6      | Reached skill level 5 in Fighting
  5428 | D:6      | Reached skill level 9 in Stealth
  6089 | D:6      | Learned a level 3 spell: Stone Arrow
  6337 | D:6      | Reached skill level 5 in Axes
  6337 | D:6      | Reached skill level 10 in Stealth
  6337 | D:6      | Reached skill level 5 in Shields
  6714 | D:7      | Reached skill level 1 in Conjurations
  6718 | D:7      | Identified the +8 trident of Darkness {venom, Fly rElec
                  | rF+}
  6853 | D:7      | Found a glowing silver altar of Zin.
  6854 | D:7      | Found an opulent altar of Gozag.
  6950 | D:7      | Reached skill level 1 in Earth Magic
  7019 | D:7      | Reached skill level 1 in Spellcasting
  7019 | D:7      | Reached XP level 9. HP: 58/82 MP: 10/10
  7022 | D:7      | Found a flagged portal.
  7035 | Bailey   | Entered a bailey
  7309 | Bailey   | Hit by a javelin thrown by a centaur

Illustrated notes

Levels and vault maps discovered:
D:1:      dpeg_arrival_simpleton_b, layout_loops_cross, minmay_statues_item,
          minivault_19
D:2:      layout_basic, basic_altar, basic_ecumenical_altar,
          serial_corexii_hall, corexii_hall_statues_s, corexii_hall_statues_i
D:3:      layout_loops_corners, nicolae_overflow_hallway_of_the_gods,
          worldfamousw_hep_ancestral_shrine
D:4:      layout_cave_pods
D:5:      layout_rooms, minmay_temple_entry_trees, minmay_ogre_servants
D:6:      layout_loops_ring, gammafunk_ghost_icy, chequers_serial_rivers_room_b
D:7:      layout_gridville, grunt_temple_overflow_gold_and_silver,
          yredelemnul_forgotten_temple_becter, kennysheep_slug_shrine,
          enter_bailey_3, minmay_a_box_with_orc_wizards_in_it, uniq_joseph
Bailey:   bailey_polearm_flooded_kennysheep, bailey

Skill      XL: |  1  2  3  4  5  6  7  8  9 |
---------------+----------------------------+-----
Stealth        | 1 2 3 4 5 6 8 10 | 10.3
Shields        | 3 4 5 |  5.0
Axes           | 3 4 5 |  5.0
Fighting       | 4 5 |  5.9
Conjurations   | 1 2 |  2.5
Earth Magic    | 1 |  1.6
Spellcasting   | 1 |  1.4
Armour         | |  2.4

Action                     |  1- 3 |  4- 6 |  7- 9 || total
---------------------------+-------+-------+-------++-------
  Melee: War axe           |    73 |    91 |   169 ||   333
         Trident           |       |       |    30 ||    30
   Fire: Sling             |    31 |    14 |    21 ||    66
Ability: Spit Poison       |    19 |    14 |    36 ||    69
  Evoke: Wand              |       |       |     1 ||     1
    Use: Potion            |       |     1 |     7 ||     8
         Scroll            |       |       |    12 ||    12
   Stab: Invisible         |       |       |     4 ||     4
         Sleeping          |       |       |     5 ||     5
 Armour: Scale mail        |     5 |       |       ||     5
         Chain mail        |    50 |       |       ||    50
         Ring mail         |     9 |    27 |    58 ||    94
         Skin              |       |       |    12 ||    12
  Dodge: Dodged            |    24 |    42 |   117 ||   183
  Block: Buckler           |    18 |    20 |    49 ||    87

Table legend: (Time is in decaauts)
 A = Elapsed time spent in this place.
 B = Non-inter-level travel time spent in this place.
 C = Inter-level travel time spent in this place.
 D = Time resting spent in this place.
 E = Time spent auto-exploring this place.
 F = Levels seen in this place.
 G = Mean time per level.
                   A        B        C        D        E       F      G
               +--------+--------+--------+--------+--------+-----+--------+
         Total |   9237 |   8598 |    639 |   2132 |   3146 |   8 | 1154.6 |
       Dungeon |   8924 |   8285 |    639 |   1963 |   3146 |   7 | 1274.9 |
        Bailey |    312 |    312 |      0 |    168 |      0 |   1 |  312.0 |
               +--------+--------+--------+--------+--------+-----+--------+

Top non-repeatable levels by time:
     D:5: 2228 daAuts
     D:3: 1531 daAuts
     D:6: 1428 daAuts
     D:4: 1386 daAuts
     D:1: 983 daAuts
     D:2: 920 daAuts
     D:7: 447 daAuts
  Bailey: 312 daAuts
